[Event "Late-Titled-Tuesday-Blitz-February-20-2024"]
[Site "Chess.com"]
[Date "2024.02.20"]
[Round "6"]
[White "Bkmzzzzz"]
[Black "Navyblue1"]
[Result "0-1"]
[WhiteElo "2383"]
[BlackElo "2208"]
[TimeControl "180+1"]
[EndTime "15:07:28 PST"]
[Termination "Navyblue1 won by checkmate"]

1. e4 c5 2. Nf3 d6 3. d4 cxd4 4. Qxd4 Nc6 5. Bb5 Bd7 6. Qd3 Nf6 7. Bg5 Rc8 8. Nc3 a6 9. Bxc6 Bxc6 10. O-O-O e6 11.
Nd4 Be7 12. f3 Qc7 13. Kb1 b5 14. g4 Bb7 15. h4 Qc4 16. Qd2 b4 17. Nce2 a5 18.
Bxf6 Bxf6 19. g5 Be7 20. f4 a4 21. Ng3 a3 22. f5 e5 23. Nb3 Bxe4 24. Nxe4 Qxe4 25.
Rhe1 Qxf5 26. Rf1 Qg6 27. Qe2 O-O 28. bxa3 bxa3 29. Rd3 f5 30. Re3 f4 31. Re4 Qf7 32.
Qf3 Qd5 33. Qe2 Rb8 34. Rf3 Qb5 35. Qe1 Rfc8 36. Re2 Qc6 37. Rd3 Qc4 38. Red2 Rf8 39. Qe2 f3 40. Rxf3 Qxe2 41. Rxf8+ Rxf8 42. Rxe2 Rf1+ 43. Nc1 h6 44. gxh6 Bxh4 45. c3 Bg5 46. Kc2 g6 47. Kb3 Bxc1 48. c4 Kh7 49. Rg2 Kxh6 50.
Kb4 Bb2 51. Kb5 Bd4 52. Kc6 Bc5 53. Kd5 Rd1+ 54. Ke6 Kg7 55. Rc2 Rf1 56. Rh2 Rf6+ 57. Kd5 Rf5 58. Rc2 e4+ 59. Kxe4 Re5+ 60. Kf4 g5+ 61. Kg4 Kg6 62. Rg2 Re4+ 63. Kf3 Rxc4 64. Re2 Rc3+ 65. Kg4 Rc4+ 66. Kf3 Kf5 67. Rd2 g4+ 68. Kg3 Rc3+ 69. Kh4 Rh3# 0-1

[Event "Late-Titled-Tuesday-Blitz-February-20-2024"]
[Site "Chess.com"]
[Date "2024.02.20"]
[Round "6"]
[White "Angry_Twin"]
[Black "Rud_Makarian"]
[Result "0-1"]
[WhiteElo "2975"]
[BlackElo "3086"]
[TimeControl "180+1"]
[EndTime "15:07:31 PST"]
[Termination "Rud_Makarian won by resignation"]

1. e4 c5 2. Nf3 d6 3. Bb5+ Nd7 4. O-O a6 5. Bd3 Ngf6 6. Re1 b5 7. c4 b4 8. a3 bxa3 9. Rxa3 Bb7 10. Nc3 e6 11. Bc2 Be7 12. d4 cxd4 13. Nxd4 O-O 14. Ra4 Qc7 15. b3 Rfe8 16. Bb2 Bf8 17. Ra1 h5 18. h3 Ne5 19. Na4 Ng6 20. Qd2 Rab8 21. Nf3 Ne5 22. Nd4 Ned7 23. Rad1 Ba8 24. Nf3 Bc6 25.
Nc3 Nc5 26. Nd4 Bd7 27. Qg5 e5 28. Nf5 Bxf5 29. exf5 Nxb3 30. Ne4 Be7 31. Nxf6+ Bxf6 32. Qxh5 a5 33. Be4 Nc5 34. Ba3 Rb3 35. Bxc5 Qxc5 36.
Bd5 Rf8 37. Ra1 e4 38. Rad1 e3 39. fxe3 Rxe3 40. Kh1 a4 41. g4 Rxe1+ 42. Rxe1 Qf2 43. Re8 Qf1+ 44. Kh2 Be5+ 45. Rxe5 Qf2+ 46. Kh1 Qf1+ 47. Kh2 dxe5 48. Qg5 Qf4+ 49. Qxf4 exf4 50. c5 Rc8 51. c6 a3 52. Kg2 Rxc6 53. Kf3 Rc5 54. Ba2 Rc2 55.
Bd5 a2 56. Bxa2 Rxa2 57. Kxf4 Ra3 58. h4 f6 59. g5 Ra4+ 60. Kg3 Kh7 61. Kh3 Rf4 62.
Kg3 Rxf5 63. Kg4 Ra5 0-1

[Event "Late-Titled-Tuesday-Blitz-February-20-2024"]
[Site "Chess.com"]
[Date "2024.02.20"]
[Round "6"]
[White "alexrustemov"]
[Black "laziestwin"]
[Result "1-0"]
[WhiteElo "2873"]
[BlackElo "2561"]
[TimeControl "180+1"]
[EndTime "15:07:31 PST"]
[Termination "alexrustemov won by resignation"]

1. d4 Nf6 2. c4 e6 3. Nf3 d5 4.
Nc3 dxc4 5. e4 b5 6. e5 Nfd7 7.
Nxb5 Nb6 8. Be2 Be7 9. Be3 O-O 10. Qc2 Qd7 11. Nc3 Nc6 12. a3 Bb7 13. Rd1 f5 14. exf6 Bxf6 15. Ne4 Ne7 16. Nc5 Qd5 17. O-O Bc6 18. Ne1 Rae8 19. Bf3 Qf5 20. Qxf5 exf5 21. Ne6 Rf7 22. Nxc7 Bxf3 23. Nxf3 Rc8 24. Ne6 Ned5 25.
Rfe1 Na4 26. Rd2 Rb7 27. Ree2 h6 28. g3 g5 29. Nc5 Nxc5 30. dxc5 Nxe3 31. fxe3 Rxc5 32.
Rc2 Kf7 33. Kf2 Rb3 34. Nd4 Rd3 35. Red2 Rxd2+ 36. Rxd2 Kg6 37. Rc2 f4 38. gxf4 gxf4 39. Ne2 fxe3+ 40. Kxe3 Rb5 41. Nc3 Rb3 42. a4 Kf5 43. h3 Be5 44. Rf2+ Ke6 45. Rc2 a5 46. Ke4 Bxc3 47. bxc3 Rb1 48. Kd4 Ra1 49. Kxc4 Rxa4+ 50. Kb5 Rh4 51. c4 Kd7 52. Rc3 Kc7 53. Kxa5 Kc6 54. Kb4 h5 55. Rf3 Re4 56. Rf6+ Kc7 57. Rf5 h4 58. Rh5 Kc6 59. Rh6+ Kc7 60. Kb5 Re5+ 61. c5 Re4 62. Rh7+ Kc8 63. Kb6 Rb4+ 64. Kc6 Kd8 65. Rh8+ Ke7 66. Kc7 Kf6 67. c6 Kg5 68. Kd6 Rd4+ 69. Kc5 Rd2 70. c7 Rc2+ 71. Kd6 Kf4 72.
c8=Q Rxc8 73. Rxc8 Kg3 74. Rc3+ Kh2 75. Ke5 1-0

[Event "Late-Titled-Tuesday-Blitz-February-20-2024"]
[Site "Chess.com"]
[Date "2024.02.20"]
[Round "6"]
[White "LiemLe"]
[Black "Zkid"]
[Result "1-0"]
[WhiteElo "3044"]
[BlackElo "2933"]
[TimeControl "180+1"]
[EndTime "15:07:33 PST"]
[Termination "LiemLe won by resignation"]

1. Nf3 Nf6 2. c4 c5 3. Nc3 Nc6 4. e3 e6 5. d4 d5 6. a3 cxd4 7. exd4 Be7 8. c5 O-O 9. b4 Ne4 10.
Bb2 f5 11. Bb5 Bf6 12. O-O a5 13. bxa5 Qxa5 14. Qd3 Bd7 15. Rfb1 Qc7 16. a4 g5 17. Ne2 g4 18. Ne1 Kh8 19. Bc1 e5 20. Nc2 f4 21.
dxe5 Bxe5 22. Bb2 f3 23. Ng3 Bxb2 24. Rxb2 Qe5 25. Rab1 Nc3 26. Re1 Ne2+ 27. Nxe2 Qxb2 28. Nc3 Rae8 29. Rb1 Bf5 30. Rxb2 Bxd3 31. Bxd3 fxg2 32. Nxd5 Ne5 33. Bb5 Rc8 34. Nce3 Rxc5 35. Kxg2 h5 36. Be2 Rf7 37. Rb6 Nc6 38. Nb4 Nd4 39. Bc4 Rfc7 40.
Bd3 Rg5 41. Nbd5 Rf7 42. Rb4 Nf3 43. Nf4 Ne1+ 44. Kg3 h4+ 45. Kxh4 Rc5 46. Be2 Nf3+ 47.
Bxf3 gxf3 48. Kg3 Kg8 49. Kxf3 Rh5 50. Kg3 Rh6 51. Ng4 Ra6 52. h4 Kg7 53. Nh3 Rc6 54. Ng5 Rc3+ 55. f3 Re7 56. h5 Ra3 57. Rb6 Rxa4 58. h6+ Kg8 59. Rg6+ Kh8 60. Nf6 Ra8 61.
Kg4 Rf8 62. f4 b5 63. Nd5 Rd7 64. Nb4 Rd4 65. Ne6 Rfxf4+ 66. Nxf4 Rxb4 67. Rb6 Rc4 68. Kg5 Rc7 69. Rxb5 Kh7 70. Kh5 Rf7 71. Ne6 Re7 72. Ng5+ 1-0

[Event "Late-Titled-Tuesday-Blitz-February-20-2024"]
[Site "Chess.com"]
[Date "2024.02.20"]
[Round "6"]
[White "a-z30"]
[Black "akanga001"]
[Result "1-0"]
[WhiteElo "2395"]
[BlackElo "2032"]
[TimeControl "180+1"]
[EndTime "15:07:36 PST"]
[Termination "a-z30 won by checkmate"]

1. d3 d5 2. Nf3 Nf6 3. g3 b6 4.
Bg2 Bb7 5. O-O c5 6. e4 dxe4 7. Ng5 g6 8. Nc3 Bg7 9. Ngxe4 Nxe4 10. Nxe4 Nc6 11. c3 O-O 12. Re1 e5 13. Qa4 Rc8 14.
Be3 Qc7 15. Rad1 Rfd8 16. Bg5 Rf8 17. Nf6+ Kh8 18. Qh4 h5 19. Nxh5 gxh5 20. Qxh5+ Kg8 21. Re4 f5 22. Rh4 Rfd8 23. Qh7+ Kf8 24. Bxd8 Rxd8 25. Qxf5+ Qf7 26. Qg5 Bf6 27. Qh6+ Qg7 28. Qxg7+ Kxg7 29. Rg4+ Kf7 30. h4 Na5 31. Bxb7 Nxb7 32. Re4 Nd6 33.
Ree1 Rg8 34. Kh2 Nb5 35. Kh3 a5 36. Re4 Nd6 37. Re2 Nb5 38. Rf1 a4 39. f4 exf4 40. Rxf4 a3 41. Ref2 Rg6 42. c4 axb2 43. Rxb2 Nd4 44. Rxb6 Kg7 45. Rbxf6 Rxf6 46. Rxf6 Kxf6 47. a4 Nb3 48. g4 Na5 49. Kg3 Ke5 50. h5 Kf6 51.
Kh4 Nc6 52. g5+ Kg7 53. Kg4 Ne5+ 54. Kf5 Nxd3 55. a5 Nb4 56. h6+ Kh7 57. Ke5 Na6 58. Kd6 Kg6 59. Kc6 Kh7 60. Kb6 Nb4 61. Kxc5 Na6+ 62.
Kb5 Nb8 63. c5 Nd7 64. c6 Nb8 65. c7 Nd7 66. c8=Q Nf8 67. Qf5+ Ng6 68. a6 Kh8 69. Qf6+ Kh7 70. Qg7# 1-0

[Event "Late-Titled-Tuesday-Blitz-February-20-2024"]
[Site "Chess.com"]
[Date "2024.02.20"]
[Round "6"]
[White "ExchangeAB"]
[Black "otrov-11"]
[Result "1/2-1/2"]
[WhiteElo "2454"]
[BlackElo "2598"]
[TimeControl "180+1"]
[EndTime "15:07:37 PST"]
[Termination "Game drawn - insufficient material"]

1. d4 Nf6 2. Nf3 e6 3. c3 b6 4. Bf4 Bb7 5. e3 Be7 6. Nbd2 O-O 7. h3 c5 8. Bd3 d5 9. O-O Nc6 10. Ne5 Bd6 11. Ndf3 Ne7 12. Qe2 Ne4 13. Nd2 f6 14. Nef3 Ng6 15. Bxd6 Qxd6 16. Rfd1 f5 17. c4 cxd4 18.
Nxd4 Nc5 19. cxd5 Qxd5 20. Qf1 Nxd3 21. N2f3 Nde5 22. Ng5 Qc4 23. Ndxe6 Qxf1+ 24. Kxf1 Rf6 25. f4 Nc4 26. Rd7 Rxe6 27. Nxe6 Bc8 28. Rd8+ Kf7 29.
Ng5+ Ke7 30. Rg8 Nxe3+ 31. Kf2 Nd5 32. Rxg7+ Kd6 33. g3 Ba6 34. Rxh7 Rc8 35. Rh6 Rc2+ 36. Kg1 Ne7 37. Rd1+ Kc5 38. Ne6+ Kb4 39. a3+ Ka4 40. b3+ Kxa3 41. Ra1+ Kb2 42. Rxa6 Rc1+ 43. Kf2 Rc2+ 44. Ke3 Nd5+ 45. Kd4 Rd2+ 46. Kc4 Ne3+ 47. Kb5 Ne7 48.
Rxa7 N7d5 49. Ka6 Kxb3 50. Nd8 Ra2+ 51. Kb7 Rc2 52. Nc6 Rc1 53. Ne5 Kb4 54. Kb8 Kb5 55. Rah7 Nc2 56. g4 Nd4 57. h4 fxg4 58. Nxg4 Nc6+ 59.
Rxc6 Rxc6 60. h5 Nxf4 61. Rf7 Nxh5 62. Rf5+ Rc5 63. Rxc5+ bxc5 64. Kc7 c4 65. Kd6 c3 66. Ne3 Ng3 67. Ke5 Kc5 68. Kf4 Ne2+ 69. Ke4 Nd4 70.
Kd3 Nb5 71. Nd1 Kb4 72. Nxc3 1/2-1/2

[Event "Late-Titled-Tuesday-Blitz-February-20-2024"]
[Site "Chess.com"]
[Date "2024.02.20"]
[Round "6"]
[White "NikoTheodorou"]
[Black "jefferyx"]
[Result "0-1"]
[WhiteElo "3058"]
[BlackElo "3034"]
[TimeControl "180+1"]
[EndTime "15:07:38 PST"]
[Termination "jefferyx won by checkmate"]

1. Nf3 c5 2. b3 Nf6 3. Bb2 g6 4. c4 Bg7 5. g3 b6 6. Bg2 Bb7 7. O-O O-O 8. Nc3 d5 9. d4 Na6 10. dxc5 Nxc5 11. Ne5 dxc4 12. Bxb7 Nxb7 13. Nxc4 Rc8 14.
Rc1 Nc5 15. Nb5 Ra8 16. Qxd8 Rfxd8 17. Rfd1 Nd5 18. Bxg7 Kxg7 19. Kg2 f5 20. Ne5 a6 21. Nd4 Kf6 22. Nc4 Rac8 23. h4 e5 24. Nf3 e4 25.
Nd4 Ne6 26. Nxe6 Kxe6 27. Kf1 b5 28. Na5 Nb4 29. Rxc8 Rxd1+ 30. Kg2 Nxa2 31. Nc6 Rd2 32. e3 Rb2 33. Nd4+ Kd5 34. Rh8 Nb4 35. Rxh7 Nd3 36. Rd7+ Ke5 37. Re7+ Kf6 38. Re6+ Kf7 39. Rxa6 Nxf2 40.
Kg1 Ng4 41. Ra7+ Kf6 42. Ra6+ Kg7 43. Ne6+ Kf7 44. Nf4 Rxb3 45. Rxg6 Rxe3 46. Kg2 b4 47. Rb6 b3 48. h5 Rc3 49. Rb7+ Kg8 50. Nd5 Rc2+ 51.
Kg1 b2 52. Ne7+ Kh8 53. Ng6+ Kg8 54. Ne7+ Kf8 55. Ng6+ Ke8 56. Rb8+ Kf7 57. Rb7+ Kf6 58. Rb6+ Kg5 59. Nf4 Ne5 60. h6 Rc1+ 61. Kg2 b1=Q 62. Rxb1 Rxb1 63. h7 Nf7 64. Ne6+ Kf6 65. Nd8 Rb2+ 66.
Kh3 Nh8 67. Nc6 Rb7 68. Nd4 Rxh7+ 69. Kg2 Ng6 70. Ne2 Kg5 71. Nc3 Rd7 72. Kf2 Ne5 73. Ne2 Rd2 74. Ke1 Rxe2+ 75. Kxe2 Kg4 76. Kf2 Nc4 77.
Kg2 e3 78. Kf1 Kxg3 79. Ke2 f4 80. Kf1 f3 81. Kg1 e2 82. Kh1 e1=Q# 0-1

[Event "Late-Titled-Tuesday-Blitz-February-20-2024"]
[Site "Chess.com"]
[Date "2024.02.20"]
[Round "6"]
[White "BardArtem"]
[Black "sergoy"]
[Result "1/2-1/2"]
[WhiteElo "2778"]
[BlackElo "2989"]
[TimeControl "180+1"]
[EndTime "15:07:38 PST"]
[Termination "Game drawn - insufficient material"]

1. e4 c5 2. c3 Nf6 3. e5 Nd5 4. Nf3 e6 5. Bc4 Nc6 6. d4 cxd4 7. cxd4 d6 8. O-O Be7 9. Bd2 O-O 10. Nc3 Nxc3 11. Bxc3 dxe5 12. dxe5 b6 13. Qe2 Bb7 14. Rfd1 Qc7 15. Rac1 Rfd8 16. a3 Rac8 17. Bd3 Rd7 18. Be4 Rxd1+ 19. Rxd1 Rd8 20. Rc1 Qd7 21. h4 a5 22. h5 g6 23. h6 Bf8 24. Qe3 Ne7 25. Bxb7 Qxb7 26. Bd2 Nf5 27. Qg5 Rd3 28. Qg4 Qd7 29.
Bg5 Nxh6 30. Bxh6 Rd1+ 31. Kh2 Bxh6 32. Rc4 Bg7 33. Qe4 Rd5 34. b4 h6 35. bxa5 bxa5 36. Qe3 Qb7 37. Rc5 Bf8 38. Rc4 Bg7 39. Rc5 Rxc5 40.
Qxc5 a4 41. Qc4 Qb3 42. Qc8+ Kh7 43. Qd7 Qxa3 44. Qxf7 Qb3 45. Nh4 Qd3 46. Qxe6 a3 47. Qf7 Qe4 48. Nf3 g5 49. e6 a2 50. e7 a1=Q 51. e8=Q Qxe8 52. Qxe8 Qb1 53. Qe6 Qg6 54.
Qxg6+ Kxg6 55. g3 Kf5 56. Kg2 Ke4 57. Nh2 h5 58. Nf1 Bd4 59. Nd2+ Kf5 60. Nf3 Bf6 61.
Ng1 Bd4 62. Ne2 Bb2 63. Ng1 g4 64. Ne2 Be5 65. Nc1 Ke4 66. Nb3 Bd6 67. Nd2+ Kd3 68. Nf1 Bc5 69. f3 Ke2 70. fxg4 hxg4 71. Nh2 Bd6 72.
Nxg4 Bxg3 1/2-1/2

[Event "Late-Titled-Tuesday-Blitz-February-20-2024"]
[Site "Chess.com"]
[Date "2024.02.20"]
[Round "6"]
[White "pavet"]
[Black "Njal28"]
[Result "0-1"]
[WhiteElo "2746"]
[BlackElo "2995"]
[TimeControl "180+1"]
[EndTime "15:07:40 PST"]
[Termination "Njal28 won on time"]

1. e4 c5 2. Nf3 d6 3. d4 cxd4 4. Nxd4 Nf6 5. Nc3 a6 6. Bg5 e6 7.
Qe2 Be7 8. O-O-O Nxe4 9. Bxe7 Nxc3 10. Bxd8 Nxe2+ 11. Nxe2 Kxd8 12. Rxd6+ Ke7 13. Rd2 Bd7 14. Nd4 Nc6 15. Nxc6+ Bxc6 16. f3 h5 17. Bd3 h4 18.
h3 Rad8 19. Re1 Kf6 20. Be4 Bxe4 21. Rxe4 g5 22. Rxd8 Rxd8 23. c4 e5 24. Kc2 Ke6 25.
Re1 Rd4 26. Kc3 Kf5 27. b4 Kf4 28. c5 f5 29. a4 Rd5 30. Kc4 Rd2 31. b5 axb5+ 32.
axb5 Rxg2 33. Rc1 Ra2 34. c6 bxc6 35. bxc6 Kxf3 36. c7 Ra8 37. Kd5 Rc8 38. Kxe5 f4 39. Kf5 Kg3 40. Kxg5 f3 41. Rg1+ Kh2 42. Rc1 f2 43.
Kxh4 Rxc7 44. Rxc7 f1=Q 45. Rg7 Qf6+ 46. Rg5 Qh6+ 47.
Kg4 Qxh3+ 48. Kf4 Qh6 49. Kf5 Kh3 50. Rg6 Qh5+ 51. Kf6 Kh4 52. Kg7 Qe5+ 53. Kf7 Kh5 54. Re6 Qd5 55. Kf6 Qg5+ 56. Kf7 Qf5+ 57. Ke7 Kg5 58. Kd6 Qd3+ 59. Ke7 Qd4 60. Kf7 Kf5 61. Rh6 Qd7+ 62. Kg8 Kg5 63. Rh7 Qe8+ 64. Kg7 Qe5+ 65. Kf7 Qf5+ 66. Kg7 Qd7+ 67. Kg8 Qe8+ 68. Kg7 Qc8 69.
Kf7 Qf5+ 70. Kg7 Qe4 71. Kg8 Qe6+ 72. Kg7 Qe8 0-1

[Event "Late-Titled-Tuesday-Blitz-February-20-2024"]
[Site "Chess.com"]
[Date "2024.02.20"]
[Round "6"]
[White "maurovargas01"]
[Black "giovannibrandao7"]
[Result "0-1"]
[WhiteElo "1865"]
[BlackElo "2244"]
[TimeControl "180+1"]
[EndTime "15:07:40 PST"]
[Termination "giovannibrandao7 won by checkmate"]

1. e4 c5 2. Nc3 d6 3. f4 Nc6 4.
Nf3 g6 5. Bb5 Bg7 6. Bxc6+ bxc6 7. d3 Nf6 8. O-O O-O 9. Qe1 Rb8 10. Qh4 e6 11. f5 exf5 12. Bh6 Ng4 13. Bxg7 Kxg7 14. Ng5 h6 15. Nf3 Qxh4 16. Nxh4 fxe4 17. Nxe4 Rxb2 18. h3 Ne3 19. Rf2 Rxc2 20. Nxd6 Be6 21. Nc4 Rxf2 22. Kxf2 Nxc4 23. dxc4 Bxc4 24. a3 Bd5 25. Nf3 Rb8 26. Rc1 Rb2+ 27. Kg3 c4 28. Ne5 Rb3+ 29. Kh2 Rxa3 30. Nxc4 Bxc4 31. Rxc4 Ra6 32.
Kg3 f5 33. Kf4 Kf6 34. Rc5 Ra4+ 35. Kf3 Ra6 36. g4 Ke6 37. gxf5+ gxf5 38. Kf4 Ra4+ 39. Kf3 Ra3+ 40. Kf4 Kd6 41. Rxf5 Rxh3 42. Kg4 Rh1 43. Rf6+ Kc5 44. Rf7 a5 45. Ra7 Kb6 46. Ra8 Rf1 47. Kh5 Kb5 48. Kxh6 c5 49. Rb8+ Kc4 50. Kg5 a4 51. Kg4 a3 52. Ra8 Kb3 53. Rb8+ Ka2 54. Kg3 c4 55. Kg2 Rf7 56. Rb4 Rc7 57.
Kf2 c3 58. Re4 c2 59. Re2 Kb1 60. Ke3 c1=Q+ 61. Kd3 Rc3+ 62. Ke4 Qc2+ 63. Rxc2 Kxc2 64. Kd4 a2 65. Ke4 a1=Q 66. Kd4 Qa4+ 67. Kd5 Rb3 68. Kc5 Rb5+ 69. Kc6 Qa6+ 70. Kd7 Rb7+ 71. Ke8 Qa8# 0-1

[Event "Late-Titled-Tuesday-Blitz-February-20-2024"]
[Site "Chess.com"]
[Date "2024.02.20"]
[Round "6"]
[White "Ready4abattle"]
[Black "dolynachess"]
[Result "0-1"]
[WhiteElo "2277"]
[BlackElo "2451"]
[TimeControl "180+1"]
[EndTime "15:07:41 PST"]
[Termination "dolynachess won by resignation"]

1. e4 c5 2. Nf3 d6 3. d4 cxd4 4. Nxd4 Nf6 5. Nc3 g6 6. Be3 Nc6 7. f3 h5 8. Qd2 Nxd4 9. Qxd4 Bg7 10. Qd2 Be6 11. O-O-O O-O 12. Kb1 Qc7 13. Nb5 Qb8 14. Nd4 Bd7 15. g3 Rc8 16. h3 b5 17. g4 a5 18. Bh6 Bh8 19. gxh5 Nxh5 20. Rg1 Rc5 21. Nf5 Bxf5 22. exf5 Rxf5 23. Bd3 Qc8 24. Bxf5 Qxf5 25.
Qd5 Qxd5 26. Rxd5 Kh7 27. Be3 b4 28. Re1 Bf6 29. Bg5 e6 30. Rb5 Bxg5 31. Rxg5 d5 32. c3 bxc3 33. bxc3 Rc8 34. Kb2 Rc4 35. Rg4 Nf4 36.
Kb3 f5 37. Rgg1 a4+ 38. Kc2 d4 39. Rb1 Rxc3+ 40. Kd2 Rd3+ 41. Kc2 Rc3+ 42. Kd2 Rxf3 43. Rb4 Rf2+ 44. Kc1 Rxa2 45. Kb1 Rd2 46. Rxa4 Kh6 47. Rf1 e5 48. Kc1 Rd3 49. Ra8 Rxh3 50. Rh8+ Kg5 51. Rg1+ Kf6 52. Ra8 Rh2 53. Ra6+ Kf7 54. Rf1 Ne2+ 55.
Kb1 Nc3+ 56. Kc1 Ne4 57. Kd1 Nf6 58. Ra7+ Ke6 59. Ra6+ Kf7 60. Ra7+ Ke6 61. Ra6+ Ke7 62. Ra7+ Nd7 63. Ra6 Nc5 64. Rxg6 Ne4 65. Rxf5 Nc3+ 66.
Kc1 Re2 67. Ra6 Na2+ 68. Rxa2 Rxa2 69. Rxe5+ Kd6 70. Re8 Kd5 71. Rd8+ Kc4 72. Kd1 Rh2 73. Re8 Kc3 74. Ke1 Rh1+ 75. Ke2 d3+ 76. Ke3 Re1+ 0-1

[Event "Late-Titled-Tuesday-Blitz-February-20-2024"]
[Site "Chess.com"]
[Date "2024.02.20"]
[Round "6"]
[White "tgpgoat"]
[Black "ridnani1"]
[Result "1/2-1/2"]
[WhiteElo "2543"]
[BlackElo "2390"]
[TimeControl "180+1"]
[EndTime "15:07:51 PST"]
[Termination "Game drawn by agreement"]

1. Nf3 Nf6 2. g3 g6 3. Bg2 Bg7 4.
O-O O-O 5. c4 d6 6. Nc3 Nbd7 7.
d3 e5 8. Rb1 a5 9. a3 Re8 10.
b4 axb4 11. axb4 Qe7 12. Bg5 c6 13. b5 h6 14. bxc6 bxc6 15. Bxf6 Nxf6 16. Nd2 Bb7 17. Na4 Reb8 18. Nb6 Ra6 19. Ne4 Nxe4 20. Bxe4 Qc7 21. Qb3 Bc8 22. Nd5 Rxb3 23. Nxc7 Rxb1 24. Rxb1 Ra7 25. Ne8 Bf8 26. Rb8 Bh3 27. f3 c5 28.
Nxd6 Ra6 29. Nb5 h5 30. Ra8 Rb6 31. Bd5 Kg7 32. Ra7 Be6 33. Bxe6 Rxe6 34. Kf2 h4 35.
Rb7 hxg3+ 36. hxg3 Ra6 37. Ra7 Rf6 38. Ke3 g5 39. Nc7 Kg6 40. Nd5 Rd6 41. Ne7+ Kf6 42. Nd5+ Kg6 43. f4 gxf4+ 44. gxf4 Bh6 45. Ke4 f5+ 46. Kf3 exf4 47. Nxf4+ Bxf4 48. Kxf4 Re6 49. e3 Rd6 50. Ra3 Kf6 51. Ra5 Rxd3 52. Rxc5 Rc3 53. Rxf5+ Ke6 54. Rc5 Kd6 55. Rd5+ Ke6 56. Rd4 Rc1 57. Ke4 Rh1 58. Kd3 Rd1+ 59. Kc3 Re1 60. Rd3 Rc1+ 61. Kd4 Kd6 62. e4 Rh1 63. c5+ Kc6 64. Re3 Rd1+ 65. Kc3 Rc1+ 66. Kd4 Rxc5 67. e5 Rd5+ 68. Ke4 Rd1 69. Kf5 Kd7 70. Rf3 Ke7 71. Rf4 Rh1 72. Ke4 Re1+ 73. Kd4 Rd1+ 74. Kc5 Ke6 75.
Kc4 Kxe5 76. Rf8 Rc1+ 77. Kd3 Rd1+ 78. Ke3 Rd6 79. Re8+ Re6 80. Ra8 Kf5+ 81. Kf3 Rf6 82.
Ra4 Kg6+ 83. Kg4 Re6 84. Ra5 Rf6 85. Rg5+ Kf7 86. Rb5 Rg6+ 87. Kf5 Rf6+ 88. Ke5 Re6+ 89. Kd5 Rf6 90. Rb7+ Kg6 91. Ke5 Rf5+ 92. Ke4 Rf6 93.
Rb8 Re6+ 94. Kf4 Rf6+ 95. Kg4 Ra6 96. Rg8+ Kf7 97. Rb8 Ra5 98. Rb7+ Kf6 99. Rb6+ 1/2-1/2

[Event "Late-Titled-Tuesday-Blitz-February-20-2024"]
[Site "Chess.com"]
[Date "2024.02.20"]
[Round "6"]
[White "Kopytkin"]
[Black "nindjaxx8"]
[Result "1-0"]
[WhiteElo "2407"]
[BlackElo "2607"]
[TimeControl "180+1"]
[EndTime "15:07:53 PST"]
[Termination "Kopytkin won on time"]

1. e4 e6 2. d4 d5 3. e5 c5 4.
c3 Nc6 5. Nf3 Qb6 6. Bd3 Bd7 7.
dxc5 Bxc5 8. O-O a5 9. Na3 Bxa3 10. bxa3 Nge7 11. Rb1 Qc7 12. Qe2 Ng6 13. Re1 Nge7 14. Nd4 Nxd4 15. cxd4 h6 16. a4 Nf5 17. Bxf5 exf5 18.
Ba3 Be6 19. Rec1 Qd7 20. Bd6 Rc8 21. Rc5 f6 22. exf6 Kf7 23. fxg7 Rhe8 24. Rxc8 Rxc8 25. Be5 Kg8 26. h3 Kh7 27. Kh2 Qf7 28. Rb6 Re8 29.
Qb2 Bc8 30. Qd2 Re6 31. Rxe6 Bxe6 32. Qxa5 Bd7 33. Qb6 Bxa4 34. f4 Bd7 35. Qd6 Be6 36.
Qf8 Qg8 37. Qf6 Qf7 38. Qd8 Qg8 39. Qd6 Qf7 40. a4 Qg8 41. a5 Qf7 42. Qd8 Qg8 43.
Qf6 Qf7 44. Qh4 Qg8 45. Qh5 Qf7 46. Qd1 Qg8 47. Qc2 Qf7 48. g4 Kg8 49. Kg3 fxg4 50. hxg4 Bd7 51. f5 Qe7 52. Qd2 Qa3+ 53. Kh2 Qf3 54. Qf4 Qxf4+ 55. Bxf4 h5 56. Kg3 hxg4 57. f6 Kf7 58. Be5 Be6 59. Kf4 Kg6 60. Kg3 Kf5 61.
Kh4 Bg8 62. Kg3 Bf7 63. Kf2 Bg8 64. Ke3 Bf7 65. Kd2 Ke4 66. Kc3 Kf3 67. Kb4 g3 68. Bxg3 Kxg3 69. Kc5 Kf4 70. Kb6 Kf5 71. Kxb7 Kxf6 72.
a6 Kxg7 73. a7 Kf6 74. a8=Q Kf5 75. Qb8 Ke4 76. Qe5+ Kd3 77. Kc6 Bg8 78. Kc5 Bf7 79. Kb4 Bg8 80. Kc5 Kc3 81. Qg3+ Kb2 82. Qxg8 1-0

[Event "Late-Titled-Tuesday-Blitz-February-20-2024"]
[Site "Chess.com"]
[Date "2024.02.20"]
[Round "6"]
[White "IMRosen"]
[Black "HalfIsCrayfish"]
[Result "0-1"]
[WhiteElo "2680"]
[BlackElo "2545"]
[TimeControl "180+1"]
[EndTime "15:08:01 PST"]
[Termination "HalfIsCrayfish won by checkmate"]

1. d4 Nf6 2. Bf4 b6 3. Nf3 Bb7 4. c4 g6 5. Nc3 Bg7 6. Qc2 d5 7. e3 O-O 8. cxd5 Nxd5 9. Nxd5 Qxd5 10. Bd3 Qa5+ 11. Qc3 Qxc3+ 12. bxc3 c5 13. Ke2 cxd4 14. cxd4 Nd7 15. a4 a6 16. Rhb1 Rac8 17. Rb2 Rc3 18.
Rc2 Rfc8 19. Kd2 Rxc2+ 20. Bxc2 Bxf3 21. gxf3 e5 22. dxe5 Nxe5 23. Bxe5 Bxe5 24. Rb1 Rb8 25. f4 Bd6 26. Bd3 a5 27. Rc1 Bc5 28. Ke2 Rd8 29. h4 Kg7 30. Rg1 Kf6 31. h5 Bb4 32. Rc1 Bc5 33.
h6 Rd7 34. Be4 Rd6 35. Rc4 Rd8 36. Bc2 Rd7 37. Re4 Re7 38. Rc4 Rc7 39. Bd3 Rd7 40.
Rc1 Ke7 41. Bc4 Rc7 42. Rb1 Bb4 43. Bd3 Rd7 44. f5 Kf6 45. fxg6 fxg6 46. Rg1 Bf8 47. Rb1 Bc5 48. Be4 Bb4 49. Rg1 Rd2+ 50. Kf3 Bc5 51. Rc1 Ke5 52. Bb7 Rd7 53. Bc6 Rd8 54.
Bb5 Rf8+ 55. Ke2 Rd8 56. Rg1 Bf8 57. Rh1 Bb4 58. Bd3 Rc8 59. f4+ Kf6 60. Kf3 Rc3 61.
Ke4 Bc5 62. Rb1 Ra3 63. Rd1 Rxa4+ 64. Kd5 Bxe3 65. f5 gxf5 66. Bc2 Rb4 67. Rf1 Rd4+ 68. Kc6 Rc4+ 69. Kd5 Rxc2 70. Re1 Rd2+ 71. Kc4 Rd4+ 72.
Kc3 f4 73. Rh1 Rd5 74. Rh4 f3 75. Rh3 Rf5 76. Rh1 f2 77. Rf1 Bc5 78. Kc4 Ke5 79. Kb5 Ke4 80. Ka6 Ke3 81. Rd1 Ke2 82. Rd7 f1=Q 83. Kb7 Qf3+ 84. Ka7 Qc6 85. Rc7 Qxc7+ 86.
Ka8 Rf8# 0-1

[Event "Late-Titled-Tuesday-Blitz-February-20-2024"]
[Site "Chess.com"]
[Date "2024.02.20"]
[Round "6"]
[White "reevecanada"]
[Black "Polstastisch"]
[Result "0-1"]
[WhiteElo "2610"]
[BlackElo "2418"]
[TimeControl "180+1"]
[EndTime "15:08:12 PST"]
[Termination "Polstastisch won by checkmate"]

1. e4 c5 2. Nf3 d6 3. Bb5+ Nd7 4.
d4 cxd4 5. Nxd4 Nf6 6. O-O a6 7. Bd3 g6 8. Re1 Bg7 9. Bf1 O-O 10. c4 Nc5 11. Nc3 Ne6 12. Nxe6 Bxe6 13. Be3 Nd7 14. Bd4 Bxd4 15. Qxd4 Qb6 16. Qxb6 Nxb6 17. Nd5 Bxd5 18.
exd5 Rfe8 19. Rad1 a5 20. Re3 Nd7 21. Rde1 Kf8 22.
Rh3 h5 23. Rb3 Nc5 24. Rb5 a4 25. b4 axb3 26. axb3 Ra7 27. b4 Nd7 28. c5 Rc8 29. Rc1 dxc5 30. bxc5 Nf6 31. c6 bxc6 32. dxc6 Rac7 33.
Rbc5 Ne4 34. R5c2 Nd6 35. g3 e5 36. Bg2 Ke7 37. Rc5 f6 38. Re1 Ke6 39. f4 e4 40.
Rec1 f5 41. Kf2 Ne8 42. Ke3 Kd6 43. Kd4 Rxc6 44. Rd5+ Ke6 45. Re5+ Kf7 46. Rxc6 Rxc6 47. Rd5 Rd6 48. Bf1 Ke6 49. Rxd6+ Nxd6 50. Be2 Kf6 51. Kd5 Nf7 52. Kc6 Nh6 53. h3 h4 54. gxh4 Ng8 55. Kd7 Kg7 56. Ke6 Nf6 57. h5 Nxh5 58. Ke5 Kh6 59.
Bc4 Ng3 60. Kd4 Nh5 61. Ke3 Kg7 62. Be2 Kf6 63. Bd1 Ng7 64. h4 Ne6 65. Be2 Nc5 66.
Bd1 Nd7 67. Be2 Nb6 68. Bf1 Ke6 69. Kf2 Kd5 70. Kg3 Kd4 71. Be2 Nd5 72. h5 gxh5 73.
Bxh5 Ke3 74. Bg6 Ne7 75. Bh5 Kd2 76. Kf2 e3+ 77. Kf1 Nc6 78. Be2 Nd4 79. Bc4 e2+ 80.
Bxe2 Nxe2 81. Kf2 Kd3 82. Kf3 Nd4+ 83. Kg3 Ke4 84. Kh4 Kxf4 85. Kh5 Ke3 86. Kg5 f4 87. Kg4 f3 88. Kg3 f2 89. Kh3 Ke2 90. Kh2 f1=Q 91.
Kg3 Qf5 92. Kh2 Qg6 93. Kh1 Kf2 94. Kh2 Qh7# 0-1

[Event "Late-Titled-Tuesday-Blitz-February-20-2024"]
[Site "Chess.com"]
[Date "2024.02.20"]
[Round "6"]
[White "zverr1"]
[Black "GoltsevDmitry2000"]
[Result "1-0"]
[WhiteElo "2566"]
[BlackElo "2759"]
[TimeControl "180+1"]
[EndTime "15:08:13 PST"]
[Termination "zverr1 won by checkmate"]

1. e4 c5 2. Nf3 e6 3. b3 Nc6 4. Bb2 d5 5. Bb5 dxe4 6. Ne5 Bd7 7.
Bxc6 Bxc6 8. Nxc6 bxc6 9. Qe2 Nf6 10. Nc3 Qd4 11. O-O-O Be7 12. Rhe1 a5 13. Nxe4 Qd5 14. Nc3 Qd4 15. Na4 Qb4 16. a3 Qb5 17. Nc3 Qb7 18.
Qc4 O-O 19. Na4 Qb5 20. d3 Rfd8 21. f3 Rab8 22. Re5 Rd5 23. Rde1 Nd7 24. R5e2 Rg5 25.
Nc3 Qb7 26. Ne4 Rg6 27. g4 Nb6 28. Qc3 a4 29. Nxc5 Bxc5 30. Qxc5 axb3 31. cxb3 Nd5 32. b4 Nf4 33. Rd2 Rd8 34. Qc3 Qb5 35. Kb1 Rd5 36.
Red1 h6 37. Qc4 Qb8 38. Rc2 Kh7 39. Qxc6 Nxd3 40. Qc3 Nf4 41. Rxd5 Nxd5 42. Qd3 Qf4 43. h4 f5 44. h5 Rg5 45. gxf5 Rxf5 46. Rg2 Qc7 47.
Qe4 Kg8 48. Rxg7+ Qxg7 49. Bxg7 Kxg7 50. Qxe6 Rxh5 51. Qd7+ Kg6 52. Qg4+ Rg5 53. Qe6+ Nf6 54. f4 Rf5 55. a4 h5 56. a5 h4 57. a6 Rxf4 58.
a7 Rxb4+ 59. Kc1 Ra4 60. Qe3 h3 61. Qg3+ Kf7 62. Qc7+ Kg6 63. Qc2+ Re4 64. Qxe4+ Nxe4 65. a8=Q Kf5 66. Qc8+ Kf4 67. Qxh3 Nf2 68. Qh4+ Kf3 69. Kd2 Ne4+ 70. Kd3 Nf2+ 71. Kd4 Ng4 72. Qh5 Kf4 73. Qf7+ Kg3 74. Ke4 Nf2+ 75. Ke3 Ng4+ 76. Ke2 Kh4 77. Qg8 Kg3 78. Qg5 Kh3 79. Kf3 Nh2+ 80. Kf2 Ng4+ 81.
Kf3 Nh2+ 82. Kf4 Nf1 83. Qg1 Nh2 84. Qg3# 1-0